 Dungeon Sprint DCSS version 0.17-a0-1719-g1afd5a1 (webtiles) character file.

18700000 ztt the Plane Walker (level 27, -35/272 (273) HPs)
             Began as a Ghoul Warper on Aug 28, 2015.
             Was the Champion of Makhleb.
             Annihilated by a destroyer
             ... wielding a +9 great sword of slicing
              (53 damage)
             ... in the Dungeon (Sprint VIII: "Arena of Blood").
             The game lasted 00:03:30 (187 turns).

ztt the Plane Walker (Ghoul Warper)                  Turns: 187, Time: 00:03:30

HP:   -35/272 (273) AC:  6    Str: 19    XL:     27
MP:   53/53         EV: 32    Int:  8    God:    Makhleb [******]
Gold: 0             SH:  0    Dex: 17    Spells: 1 memorised, 79 levels left

rFire  + . .     SeeInvis +     l - +∞ Axe of Woe
rCold  + . .     Clarity  .     b - +0 leather armour
rNeg   + + +     SustAt   .     (no shield)
rPois  ∞         Gourm    .     (no helmet)
rElec  .         Spirit   .     (no cloak)
rCorr  .         Warding  .     (no gloves)
rMut   .         NoTele   +     (no boots)
MR     ++...                    (no amulet)
Stlth  +++.......               n - ring of protection from fire
                                m - ring of see invisible

@: rotting, slowed, very slow, very resistant to hostile enchantments, fairly
stealthy
A: rotting body, claws 1, carnivore 3, cold resistance 1, negative energy
resistance 3, slow healing 1, torment resistance, unbreathing
a: Minor Destruction, Lesser Servant of Makhleb, Major Destruction, Greater
Servant of Makhleb, Renounce Religion
0: Orb of Zot


You were in the Dungeon.
You worshipped Makhleb.
Makhleb was exalted by your worship.
You were not hungry.

You visited 1 branch

Inventory:

Hand weapons
 a - a +0 hand axe
 l - the +∞ Axe of Woe (weapon)
   (You found it in the Dungeon)
Missiles
 e - 5 tomahawks of dispersal (quivered)
Armour
 b - a +0 leather armour (worn)
Jewellery
 m - a ring of see invisible (left claw)
 n - a ring of protection from fire (right claw)
Scrolls
 d - 2 scrolls of blinking
Potions
 g - a potion of curing
 h - a potion of heal wounds
 i - a potion of haste
 j - 2 potions of magic
 k - a potion of berserk rage
Books
 c - a book of Spatial Translocations

   Spells                             Type                      Level
   a - Apportation                    Translocation                1
   b - Blink                          Translocation                2
   c - Shroud of Golubria             Charms/Translocation         2
   d - Portal Projectile              Translocation                3
   e - Teleport Other                 Translocation                3
   f - Passage of Golubria            Translocation                4
Comestibles
 f - a meat ration


   Skills:
 O Level 27 Fighting
 O Level 27 Axes
 O Level 27 Throwing
 O Level 27 Armour
 O Level 27 Dodging
 O Level 27 Stealth
 O Level 27 Unarmed Combat
 O Level 27 Spellcasting
 O Level 27 Translocations
 O Level 27 Invocations


You had 79 spell levels left.
You knew the following spells:

 Your Spells              Type           Power        Failure   Level  Hunger
a - Apportation           Tloc           ######....   0%          1    None


Dungeon Overview and Level Annotations

Branches:
Dungeon (1/1)

Altars:
Makhleb


Innate Abilities, Weirdness & Mutations

Your body is rotting away.
You thrive on raw meat.
You are immune to poison.
You have sharp fingernails.
You are carnivorous and can eat meat at any time.
Your flesh is cold resistant.
You are immune to negative energy.
You heal slowly when monsters are visible.
You are immune to unholy pain and torment.
You can survive without breathing.


Message History

You hear a roar!
You hear a shout!
You hear a roar!
You hear a shout!
You hear an angry hiss.
You hear a shout!
You hear a shout!
You hear a shout!
You hear a roar! x2
You hear a shout! x7
The meat beast growls, "Accept thy failure, thou pandering earth-vexing tiler!"
The ball lightning explodes!
You hear a clap of thunder! x2
The blast of lightning engulfs the bag of meat.
The blast of lightning engulfs the meat berserker.
The blast of lightning engulfs the destroyer.
You hear a clap of thunder!
The blast of lightning engulfs the dread.
The blast of lightning engulfs you!
The blast of lightning engulfs the destroyer.
The blast of lightning engulfs the eight-headed meat hydra.
You hear a shout! x6
The destroyer hits you with a +9 great sword of slicing!!!!!
Ouch! That really hurt!
* * * LOW HITPOINT WARNING * * *
You die...

#..o†.....#..o.....%x......
#...))...#.#O#.............
#..))))...#W#.........))...
#.)###.))#.#.#..W.....))§..
#.))†##...#.#%2%p.#..).§§.%
#.))).#...WO.W§§.....)))...
#......)##...%p..##)#%.....
####...D.##Vo...)2)).......
####...@VD####)...#...%.
####..).).)..........
####)%%)..........
####..%%.......
############


You could see 2 meat beasts, 2 eight-headed meat hydras, 2 destroyers, 2
fleshlords, a wretched soul (invisible), a dread, a meat berserker (berserk) and
a bag of meat.

Vanquished Creatures
  Dispater (D)
  6 hell knights (D)
  5 hell beasts (D)
  6 greater mummies (D)
  2 great orbs of eyes (D)
  6 wraiths (D)
  11 vampire knights (D)
  29 ogres (D)
  3 liches (D)
  4 hydras (D)
  74 orcs (D)
  5 phantoms (D)
  7 hill giants (D)
  3 skeletal warriors (D)
  A sea snake (D)
  4 small abominations (D)
  2 large abominations (D)
  2 ball lightnings (D)
  3 crawling corpses (D)
174 creatures vanquished.

Vanquished Creatures (others)
  5 ball lightnings (D)
  5 crawling corpses (D)
10 creatures vanquished.

Grand Total: 184 creatures vanquished

Notes
Turn   | Place    | Note
--------------------------------------------------------------
     0 | D        | ztt the Ghoul Warper began the quest for the Orb.
     0 | D        | Reached XP level 1. HP: 17/17 MP: 2/2
     3 | D        | Noticed a bag of meat
     3 | D        | Noticed a bag of meat
     4 | D        | Noticed a bag of meat
     4 | D        | Noticed a bag of meat
     4 | D        | Became a worshipper of Makhleb the Destroyer
     6 | D        | Noticed a meat berserker
     6 | D        | Killed a bag of meat
     6 | D        | Reached skill level 11 in Fighting
     6 | D        | Reached skill level 10 in Spellcasting
     6 | D        | Reached skill level 17 in Translocations
     6 | D        | Reached XP level 2. HP: 20/40 MP: 2/12
     6 | D        | Reached XP level 3. HP: 23/47 MP: 2/13
     6 | D        | Reached XP level 4. HP: 26/55 MP: 2/15
     6 | D        | Reached XP level 5. HP: 28/61 MP: 2/16
     6 | D        | Reached XP level 6. HP: 31/68 MP: 2/18
     6 | D        | Reached XP level 7. HP: 33/74 MP: 2/19
     6 | D        | Reached XP level 8. HP: 36/82 MP: 2/21
     6 | D        | Reached XP level 9. HP: 39/89 MP: 2/22
     6 | D        | Reached XP level 10. HP: 42/96 MP: 2/23
     6 | D        | Reached XP level 11. HP: 44/102 MP: 2/24
     6 | D        | Reached XP level 12. HP: 47/110 MP: 2/25
     8 | D        | Noticed a bag of meat
     8 | D        | Noticed a bag of meat
     9 | D        | Noticed a meat berserker
    10 | D        | Killed a bag of meat
    10 | D        | Acquired Makhleb's first power
    10 | D        | Reached skill level 20 in Translocations
    10 | D        | Reached XP level 13. HP: 16/122 MP: 2/28
    10 | D        | Killed a meat berserker
    10 | D        | Reached skill level 15 in Fighting
    10 | D        | Reached skill level 5 in Throwing
    10 | D        | Reached skill level 22 in Translocations
    10 | D        | Reached XP level 14. HP: 98/135 MP: 2/30
    11 | D        | Noticed a bag of meat
    11 | D        | Noticed a bag of meat
    11 | D        | Killed a bag of meat
    11 | D        | Acquired Makhleb's second power
    11 | D        | Reached skill level 24 in Translocations
    11 | D        | Reached XP level 15. HP: 141/144 MP: 3/32
    11 | D        | Noticed a bag of meat
    12 | D        | Killed a meat berserker
    12 | D        | Reached skill level 15 in Axes
    12 | D        | Reached skill level 15 in Spellcasting
    12 | D        | Reached skill level 26 in Translocations
    12 | D        | Reached XP level 16. HP: 152/157 MP: 3/34
    13 | D        | Noticed a bag of meat
    13 | D        | Noticed a large bag of meat
    13 | D        | Noticed a bag of meat
    13 | D        | Noticed a meat berserker
    14 | D        | Killed a bag of meat
    14 | D        | Acquired Makhleb's third power
    14 | D        | Reached skill level 15 in Dodging
    14 | D        | Killed a bag of meat
    14 | D        | Reached skill level 5 in Armour
    14 | D        | Reached skill level 27 in Translocations
    15 | D        | Noticed a destroyer
    15 | D        | Noticed a meat berserker
    15 | D        | Noticed a bag of meat
    15 | D        | Killed a bag of meat
    15 | D        | Reached XP level 17. HP: 165/171 MP: 4/37
    15 | D        | Killed a bag of meat
    15 | D        | Acquired Makhleb's fourth power
    16 | D        | Noticed a bag of meat
    16 | D        | Noticed a meat berserker
    16 | D        | Killed a meat berserker
    16 | D        | Reached XP level 18. HP: 181/188 MP: 4/40
    16 | D        | Killed a bag of meat
    17 | D        | Noticed a meat berserker
    18 | D        | Killed a bag of meat
    18 | D        | Acquired Makhleb's fifth power
    20 | D        | Noticed a meat berserker
    20 | D        | Noticed a bag of meat
    21 | D        | Killed a meat berserker
    21 | D        | Reached skill level 10 in Throwing
    21 | D        | Reached XP level 19. HP: 197/204 MP: 6/43
    21 | D        | Killed a bag of meat
    21 | D        | Killed a meat berserker
    21 | D        | Reached skill level 27 in Fighting
    21 | D        | Reached skill level 27 in Axes
    22 | D        | Noticed a bag of meat
    22 | D        | Noticed a bag of meat
    22 | D        | Killed a bag of meat
    22 | D        | Killed a meat berserker
    22 | D        | Reached XP level 20. HP: 216/216 MP: 6/48
    23 | D        | Noticed a bag of meat
    24 | D        | Noticed a bag of meat
    24 | D        | Noticed a large bag of meat
    25 | D        | Noticed a meat berserker
    25 | D        | Noticed a bag of meat
    26 | D        | Noticed a bag of meat
    26 | D        | Noticed a bag of meat
    27 | D        | Noticed a large bag of meat
    28 | D        | Noticed a bag of meat
    29 | D        | Noticed a meat berserker
    29 | D        | Noticed an eight-headed meat hydra
    30 | D        | Noticed a bag of meat
    30 | D        | Noticed a meat berserker
    30 | D        | Noticed a meat berserker
    30 | D        | Noticed a bag of meat
    30 | D        | Noticed a bag of meat
    30 | D        | Noticed a bag of meat
    30 | D        | Killed a bag of meat
    30 | D        | Killed a bag of meat
    30 | D        | Reached skill level 27 in Dodging
    30 | D        | Killed a meat berserker
    30 | D        | Reached skill level 27 in Spellcasting
    30 | D        | Reached XP level 21. HP: 224/224 MP: 8/51
    31 | D        | Noticed a bag of meat
    31 | D        | Noticed a destroyer
    32 | D        | Killed a meat berserker
    32 | D        | Killed a meat berserker
    32 | D        | Killed a destroyer
    32 | D        | Reached skill level 27 in Armour
    32 | D        | Reached XP level 22. HP: 233/233 MP: 9/52
    32 | D        | Killed a bag of meat
    32 | D        | Reached skill level 27 in Throwing
    33 | D        | Noticed a large bag of meat
    33 | D        | Noticed a destroyer
    33 | D        | Killed a bag of meat
    33 | D        | Reached skill level 10 in Stealth
    33 | D        | Killed a bag of meat
    33 | D        | Killed an eight-headed meat hydra
    33 | D        | Reached XP level 23. HP: 240/240 MP: 9/53
    33 | D        | Noticed a bag of meat
    35 | D        | Killed a meat berserker
    35 | D        | Killed a bag of meat
    35 | D        | Killed a bag of meat
    35 | D        | Killed a large bag of meat
    35 | D        | Killed a destroyer
    35 | D        | Reached skill level 27 in Stealth
    35 | D        | Reached skill level 27 in Unarmed Combat
    35 | D        | Reached skill level 27 in Invocations
    35 | D        | Reached XP level 24. HP: 249/249 MP: 9/53
    35 | D        | Killed a meat berserker
    36 | D        | Noticed a destroyer
    36 | D        | Noticed a bag of meat
    36 | D        | Noticed a bag of meat
    36 | D        | Noticed a bag of meat
    36 | D        | Killed a bag of meat
    36 | D        | Killed a destroyer
    36 | D        | Reached XP level 25. HP: 257/257 MP: 9/53
    36 | D        | Killed a bag of meat
    36 | D        | Killed a bag of meat
    36 | D        | Killed a bag of meat
    37 | D        | Killed a large bag of meat
    37 | D        | Killed a large bag of meat
    38 | D        | Noticed a destroyer
    38 | D        | Noticed a sculptor of flesh
    38 | D        | Killed a bag of meat
    38 | D        | Killed a bag of meat
    38 | D        | Killed a bag of meat
    39 | D        | Noticed a sculptor of flesh
    39 | D        | Noticed a bag of meat
    40 | D        | Noticed a destroyer
    40 | D        | Killed a bag of meat
    40 | D        | Reached XP level 26. HP: 266/266 MP: 10/53
    40 | D        | Killed a bag of meat
    42 | D        | Killed a bag of meat
    43 | D        | Noticed a bag of meat
    43 | D        | Killed a large bag of meat
    44 | D        | Killed a destroyer
    45 | D        | Killed a bag of meat
    45 | D        | Killed a sculptor of flesh
    45 | D        | Killed a bag of meat
    46 | D        | Noticed a sculptor of flesh
    46 | D        | Killed a destroyer
    46 | D        | Reached XP level 27. HP: 273/273 MP: 11/53
    47 | D        | Killed a bag of meat
    47 | D        | Killed a sculptor of flesh
    48 | D        | Noticed a bag of meat
    49 | D        | Noticed a bag of meat
    49 | D        | Noticed a destroyer
    50 | D        | Noticed a tyrant
    50 | D        | Noticed a meat berserker
    50 | D        | Noticed a large bag of meat
    52 | D        | Noticed a meat berserker
    52 | D        | Noticed a meat berserker
    52 | D        | Killed a destroyer
    52 | D        | Killed a bag of meat
    52 | D        | Killed a meat berserker
    53 | D        | Killed a bag of meat
    54 | D        | Noticed a bag of meat
    55 | D        | Noticed a bag of meat
    55 | D        | Noticed a bag of meat
    55 | D        | Noticed a bag of meat
    55 | D        | Killed a large bag of meat
    55 | D        | Killed a bag of meat
    57 | D        | Noticed a meat berserker
    58 | D        | Noticed a meat berserker
    58 | D        | Noticed a bag of meat
    58 | D        | Killed a meat berserker
    58 | D        | Killed a meat berserker
    59 | D        | Noticed a tyrant
    59 | D        | Noticed a bag of meat
    59 | D        | Noticed a bag of meat
    59 | D        | Noticed a large bag of meat
    59 | D        | Noticed a bag of meat
    59 | D        | Noticed a bag of meat
    59 | D        | Noticed a large bag of meat
    60 | D        | Noticed a bag of meat
    60 | D        | Noticed a bag of meat
    60 | D        | Noticed a bag of meat
    60 | D        | Noticed a bag of meat
    60 | D        | Noticed a bag of meat
    60 | D        | Noticed a bag of meat
    60 | D        | Noticed a bag of meat
    61 | D        | Noticed a meat berserker
    61 | D        | Killed a bag of meat
    61 | D        | Killed a meat berserker
    62 | D        | Killed a bag of meat
    62 | D        | Killed a meat berserker
    63 | D        | Noticed a bag of meat
    63 | D        | Noticed a bag of meat
    63 | D        | Noticed a bag of meat
    63 | D        | Killed a bag of meat
    64 | D        | Noticed a dread
    64 | D        | Killed a bag of meat
    65 | D        | Noticed a bag of meat
    65 | D        | Killed a bag of meat
    65 | D        | Killed a large bag of meat
    66 | D        | Noticed a bag of meat
    66 | D        | Killed a bag of meat
    67 | D        | Noticed a bag of meat
    67 | D        | Killed a bag of meat
    67 | D        | Killed a bag of meat
    68 | D        | Noticed a tyrant
    68 | D        | Killed a bag of meat
    68 | D        | Killed a destroyer
    68 | D        | Killed a bag of meat
    69 | D        | Noticed a bag of meat
    70 | D        | Noticed a meat beast
    70 | D        | Killed a bag of meat
    70 | D        | Killed a meat berserker
    70 | D        | Killed a sculptor of flesh
    71 | D        | Killed a bag of meat
    71 | D        | Killed a large bag of meat
    72 | D        | Killed a bag of meat
    72 | D        | Killed a bag of meat
    73 | D        | Killed a bag of meat
    73 | D        | Killed a bag of meat
    74 | D        | Noticed an accursed
    74 | D        | Noticed a meat beast
    74 | D        | Killed a tyrant
    75 | D        | Killed a bag of meat
    76 | D        | Noticed an accursed
    76 | D        | Killed a bag of meat
    76 | D        | Killed an accursed
    77 | D        | Killed a meat beast
    78 | D        | Killed a bag of meat
    78 | D        | Killed a tyrant
    78 | D        | Killed a dread
    79 | D        | Killed a tyrant
    79 | D        | Killed a bag of meat
    80 | D        | Killed a bag of meat
    80 | D        | Killed a bag of meat
    81 | D        | Noticed a wretched soul
    81 | D        | Noticed a dread
    81 | D        | Killed a meat beast
    81 | D        | Killed a dread
    82 | D        | Killed a wretched soul
    83 | D        | Killed a bag of meat
    84 | D        | Killed a bag of meat
    87 | D        | Noticed a meat berserker
    87 | D        | Noticed a meat berserker
    88 | D        | Noticed a wretched soul
    88 | D        | Noticed a meat beast
    89 | D        | Noticed a bag of meat
    89 | D        | Noticed a meat berserker
    89 | D        | Noticed an accursed
    89 | D        | Noticed an accursed
    89 | D        | Noticed a meat beast
    90 | D        | Noticed a meat berserker
    90 | D        | Killed a meat berserker
    90 | D        | Killed a meat berserker
    91 | D        | Killed a meat beast
    92 | D        | Noticed a destroyer
    92 | D        | Noticed an observer
    92 | D        | Noticed a bag of meat
    93 | D        | Killed a meat beast
    93 | D        | Killed a meat berserker
    94 | D        | Noticed a meat berserker
    94 | D        | Noticed an observer
    95 | D        | Noticed a bag of meat
    95 | D        | Noticed an observer
    95 | D        | Killed a meat berserker
    95 | D        | Killed a wretched soul
    95 | D        | Killed an observer
    96 | D        | Killed a bag of meat
    97 | D        | Noticed a bag of meat
    98 | D        | Killed a destroyer
    98 | D        | Killed a meat berserker
    98 | D        | Killed an accursed
    99 | D        | Killed a bag of meat
    99 | D        | Killed an accursed
   100 | D        | Killed an observer
   102 | D        | Killed a bag of meat
   104 | D        | Noticed a meat berserker
   104 | D        | Killed a bag of meat
   106 | D        | Noticed an accursed
   108 | D        | Noticed a bag of meat
   108 | D        | Killed a meat berserker
   109 | D        | Noticed a bag of meat
   109 | D        | Noticed a dread
   110 | D        | Noticed a bag of meat
   110 | D        | Noticed a dread
   111 | D        | Killed an accursed
   119 | D        | Noticed a fleshlord
   120 | D        | Killed a bag of meat
   120 | D        | Killed a bag of meat
   124 | D        | Killed a fleshlord
   124 | D        | Killed a dread
   126 | D        | Noticed a meat berserker
   126 | D        | Noticed a bag of meat
   126 | D        | Noticed a fleshlord
   126 | D        | Noticed a fleshlord
   127 | D        | Noticed a bag of meat
   127 | D        | Killed a dread
   128 | D        | Killed a meat berserker
   129 | D        | Noticed a bag of meat
   129 | D        | Noticed a bag of meat
   129 | D        | Noticed a bag of meat
   130 | D        | Killed a fleshlord
   131 | D        | Noticed a meat berserker
   131 | D        | Killed an accursed
   132 | D        | Noticed a fleshlord
   132 | D        | Noticed a fleshlord
   134 | D        | Killed a fleshlord
   135 | D        | Noticed a destroyer
   137 | D        | Killed a bag of meat
   138 | D        | Killed a meat berserker
   141 | D        | Noticed a destroyer
   141 | D        | Killed a destroyer
   146 | D        | Killed a bag of meat
   147 | D        | Noticed a meat berserker
   147 | D        | Killed a destroyer
   148 | D        | Noticed a dread
   149 | D        | Noticed a fleshlord
   149 | D        | Killed a dread
   154 | D        | Killed a meat berserker
   156 | D        | Noticed a bag of meat
   156 | D        | Killed a fleshlord
   157 | D        | Noticed a bag of meat
   157 | D        | Noticed a wretched soul
   157 | D        | Noticed a meat beast
   157 | D        | Killed a bag of meat
   158 | D        | Noticed a destroyer
   158 | D        | Killed a bag of meat
   159 | D        | Killed a bag of meat
   160 | D        | Noticed an accursed
   160 | D        | Killed a meat beast
   160 | D        | Killed a fleshlord
   162 | D        | Killed a bag of meat
   162 | D        | Killed a wretched soul
   163 | D        | Killed a bag of meat
   164 | D        | Killed a bag of meat
   164 | D        | Killed a destroyer
   165 | D        | Killed an accursed
   169 | D        | Noticed a bag of meat
   173 | D        | Noticed The Meatlord
   176 | D        | Noticed a wretched soul
   177 | D        | Noticed a bag of meat
   177 | D        | Noticed a meat berserker
   177 | D        | Noticed a bag of meat
   178 | D        | Noticed a meat berserker
   178 | D        | Noticed a meat berserker
   179 | D        | Killed a meat berserker
   180 | D        | Noticed a fleshlord
   180 | D        | Noticed a dread
   181 | D        | Noticed a wretched soul
   181 | D        | Noticed a bag of meat
   182 | D        | Noticed a dread
   182 | D        | Noticed a meat berserker
   182 | D        | Noticed a wretched soul
   182 | D        | Killed a meat berserker
   182 | D        | Killed a wretched soul
   182 | D        | Noticed a destroyer
   183 | D        | Noticed a destroyer
   183 | D        | Killed a meat berserker
   183 | D        | Noticed a fleshlord
   184 | D        | Killed a fleshlord
   184 | D        | Killed a bag of meat
   185 | D        | Noticed a fleshlord
   185 | D        | Killed a dread
   186 | D        | Noticed a wretched soul
   186 | D        | Killed The Meatlord
   186 | D        | Killed a bag of meat
   186 | D        | Killed a wretched soul
   187 | D        | Noticed a meat beast
   187 | D        | Got the Orb of Zot
   187 | D        | Annihilated by a destroyer

Vault maps used:
D:        meatsprint

Action                   |  1- 3 |  4- 6 |  7- 9 | 10-12 | 13-15 | 16-18 | 19-21 | 22-24 | 25-27 || total
-------------------------+-------+-------+-------+-------+-------+-------+-------+-------+-------++-------
Melee: Executioner's axe |     1 |       |       |     1 |     2 |     5 |     3 |     3 |    81 ||    96
 Cast: Apportation       |       |       |       |       |       |       |       |     1 |     1 ||     2
